 Dungeon Crawl Stone Soup version 0.30-a0-651-g0755cc6dcf (webtiles) character file.

Game seed: 4649237356998383770

10937 Oxelix the Severer (level 11, -1/101 HPs)
             Began as a Hill Orc Fighter on Jan 18, 2023.
             Was a Believer of Ashenzari.
             Slain by a sun demon (16 damage)
             ... in a volcano.
             The game lasted 00:22:02 (10480 turns).

Oxelix the Severer (Hill Orc Fighter)              Turns: 10480, Time: 00:22:03

Health: -1/101     AC: 22    Str: 30    XL:     11   Next: 69%
Magic:  11/11      EV:  7    Int:  8    God:    Ashenzari [**....]
Gold:   96         SH: 11    Dex: 10    Spells: 10/10 levels left

rFire   . . .      SeeInvis +    a - +0 war axe (elec)
rCold   . . .      Faith    .    c - +0 buckler
rNeg    + . .      Spirit   .    U - +2 plate armour {rPois}
rPois   +          Reflect  +    H - +0 helmet of Desmomancy {Comp, Melee} (curse)
rElec   .          Harm     .    A - +0 cloak
rCorr   .          Rampage  .    G - +0 pair of gloves "Behold Eternity" {Bglg, Alch} (curse)
Will    .....                    i - +0 pair of boots "Failure of Ashenzari" {Evo, Cun} (curse) Stlth
                                 F - amulet of reflection
HPRegen 0.36/turn                k - +6 ring of strength
MPRegen 0.12/turn                s - ring of positive energy

@: mighty
A: no striking features
a: Renounce Religion, Curse Item, Shatter the Chains


You were in a volcano.
You worshipped Ashenzari.
Ashenzari was pleased with you.
You visited 3 branches of the dungeon, and saw 12 of its levels.
You also visited: Volcano.

You collected 716 gold pieces.
You spent 620 gold pieces at shops.

Inventory:

Hand Weapons
 a - a +0 war axe of electrocution (weapon)
 v - a +0 hand axe
 I - a +2 flail of protection
Missiles
 n - 7 poisoned darts
 M - 6 boomerangs (quivered)
 Q - 4 silver boomerangs
 T - 3 javelins
Armour
 c - a +0 buckler (worn)
 e - a scarf of invisibility
 i - the cursed +0 pair of boots "Failure of Ashenzari" (worn) {Evo, Cun}
   (You found it on level 1 of the Dungeon)

   It has a curse which improves the following skills: Evocations: Evocations.
   Cunning:   Dodging and Stealth.
 w - a +0 plate armour
 A - a +0 cloak (worn)
 G - the cursed +0 pair of gloves "Behold Eternity" (worn) {Bglg, Alch}
   (You found it on level 6 of the Dungeon)

   It has a curse which improves the following skills: Beguiling: Conjurations,
   Hexes and Translocations.
   Alchemy:   Poison Magic and Transmutations.
 H - the cursed +0 helmet of Desmomancy (worn) {Comp, Melee}
   (You found it on level 7 of the Dungeon)

   It has a curse which improves the following skills: Companions: Summonings
   and Necromancy.
   Melee Combat: Short Blades, Long Blades, Axes, Maces & Flails, Polearms,
   Staves and Unarmed Combat.
 U - a +2 plate armour of poison resistance (worn)
Jewellery
 k - a +6 ring of strength (left hand)
 r - an amulet of magic regeneration
 s - a ring of positive energy (right hand)
 F - an amulet of reflection (around neck)
 L - a ring of magical power
 O - a ring of flight
Wands
 u - a wand of polymorph (8)
 D - a wand of flame (70)
 P - a wand of mindburst (25)
 S - a wand of charming (4)
Scrolls
 f - 7 scrolls of teleportation
 g - a scroll of torment
 j - 3 scrolls of blinking
 l - 2 scrolls of fog
 m - 5 scrolls of magic mapping
 p - a scroll of summoning
 t - 2 scrolls of amnesia
 y - a scroll of poison
 J - 3 scrolls of enchant armour
 R - 5 scrolls of identify
Potions
 b - a potion of lignification
 d - 2 potions of might
 h - a potion of attraction
 o - 4 potions of curing
 q - 4 potions of mutation
 z - a potion of heal wounds
 B - a potion of ambrosia
 C - a potion of brilliance
 E - a potion of magic
 K - a potion of flight
 N - 2 potions of invisibility


   Skills:
 + Level 10.7 Fighting
 - Level 15.9(17.0) Axes
 + Level 10.0 Armour
 + Level 10.0 Shields


You had 10 spell levels left.
You didn't know any spells.
Your spell library contained the following spells:

 Spells                   Type           Power      Damage    Failure   Level
 Shock                    Conj/Air       0%         1d3       98%         1
 Summon Small Mammal      Summ           0%         N/A       98%         1
 Blink                    Tloc           0%         N/A       99%         2
 Cigotuvi's Dreadful Rot  Necr/Pois/Air  0%         N/A       99%         2
 Lesser Beckoning         Tloc           0%         N/A       99%         2
 Momentum Strike          Conj/Tloc      0%         3d8       99%         2
 Poisonous Vapours        Pois/Air       0%         N/A       99%         2
 Call Canine Familiar     Summ           0%         N/A       100%        3
 Frozen Ramparts          Ice            0%         1d1       100%        3
 Mephitic Cloud           Conj/Pois/Air  0%         N/A       100%        3
 Summon Guardian Golem    Hex/Summ       0%         N/A       100%        3
 Swiftness                Air            0%         N/A       100%        3
 Tukima's Dance           Hex            0%         N/A       100%        3
 Vhi's Electric Charge    Tloc/Air       0%         N/A       100%        3
 Airstrike                Air            0%         2d(0-16)  100%        4
 Ice Form                 Ice/Tmut       0%         N/A       100%        4
 Passage of Golubria      Tloc           0%         N/A       100%        4
 Summon Ice Beast         Ice/Summ       0%         N/A       100%        4
 Arcjolt                  Conj/Air       0%         1d10      100%        5
 Yara's Violent Unravell  Hex/Tmut       0%         3d3       100%        5
 Maxwell's Capacitive Co  Air            0%         ∞         100%        8


Dungeon Overview and Level Annotations

Branches:
Dungeon (10/15)            Temple (1/1) D:6            Lair (1/5) D:9
Volcano (1/1)
    Orc: D:9-12

Altars:
Ashenzari
Cheibriados
Dithmenos
Elyvilon
Fedhas
Gozag
Kikubaaqudgha
Makhleb
Nemelex Xobeh
Qazlal
Ru
Sif Muna
Trog
Uskayaw
Vehumet
Wu Jian
Xom
Yredelemnul
Zin
The Shining One

Shops:
D:8 =   D:10 *


Message History

You barely miss the sun demon. The sun demon hits you!
You are engulfed in flames!!
The sun demon completely misses you.
You miss the sun demon.
The sun demon is lightly wounded.
You slash the sun demon! You hit the sun demon.
The sun demon is lightly wounded.
You closely miss the sun demon.
The sun demon hits you but does no damage.
You block the sun demon's attack.
You hit the sun demon but do no damage.
The sun demon is lightly wounded.
You hit the sun demon but do no damage. You block the sun demon's attack.
The sun demon barely misses you.
You slash the sun demon!
The sun demon is heavily wounded.
You hit the sun demon but do no damage. The sun demon hits you!
You are engulfed in flames!
The sun demon closely misses you.
You hit the sun demon but do no damage.
The sun demon is heavily wounded.
You closely miss the sun demon. The sun demon hits you!
You are engulfed in flames!!
* * * LOW HITPOINT WARNING * * *
The sun demon hits you.
* * * LOW HITPOINT WARNING * * *
You are engulfed in flames!
* * * LOW HITPOINT WARNING * * *
You closely miss the sun demon.
The sun demon is moderately wounded.
You hit the sun demon but do no damage. You block the sun demon's attack. x2
You feel much better. You block the sun demon's attack. The sun demon hits you!
* * * LOW HITPOINT WARNING * * *
You are engulfed in flames!
* * * LOW HITPOINT WARNING * * *
You feel very mighty all of a sudden.
The sun demon hits you but does no damage.
The sun demon hits you.
* * * LOW HITPOINT WARNING * * *
You are engulfed in flames!
You die...

* ###### #...8..
##§...... , ##§§.....
, ##.§§... , * #....#*
* ,~ ##.33# , , #..@##
, ##§§§# * #.§§§#
###### ##....#####
##...#. #...≈.≈#..##
#......
#.....≈..§.#####.....§
##§...≈..§§..≈≈...§§.§
#§§.#.#..§........§.§.
#§.§....§.......§#####


You could see 2 sun demons.

Vanquished Creatures
  2 two-headed ogres (D:10)
  2 sun demons (Volcano)
  An ugly thing (D:9)
  Joseph (D:8)
  A cane toad (Lair:1)
  2 komodo dragons
  A hornet (D:7)
  5 yaks (Lair:1)
  A wyvern (D:9)
  2 wraiths
  9 steam dragons
  A basilisk (Lair:1)
  Menkaure (D:5)
  A hell hound (Volcano)
  A water moccasin (D:6)
  4 sky beasts
  2 ice beasts
  4 black bears
  2 orc warriors
  2 ogres
  2 centaurs
  4 phantoms
  A bullfrog (D:7)
  2 gnoll sergeants (D:9)
  4 necrophages (D:7)
  2 scorpions
  5 wights (D:8)
  12 killer bees
  3 howler monkeys
  5 jellies
  2 hounds (D:5)
  3 orc priests
  Ijyb (D:5)
  3 iguanas
  7 orc wizards
  Robin (D:5)
  9 gnolls
  8 adders
  A shadow imp (D:7)
  4 white imps
  A worm (D:3)
  4 dart slugs
  24 orcs
  7 bats
  6 endoplasms
  2 giant cockroaches (D:2)
  12 goblins
  14 hobgoblins
  6 jackals
  3 quokkas
  6 ball pythons
  4 frilled lizards
  6 kobolds
  5 rats
224 creatures vanquished.

Vanquished Creatures (others)
  6 plants (D:9)
6 creatures vanquished.

Grand Total: 230 creatures vanquished

Notes
Turn   | Place    | Note
-------+----------+-------------------------------------------
     0 | D:1      | Oxelix the Hill Orc Fighter began the quest for the Orb.
     0 | D:1      | Reached XP level 1. HP: 19/19 MP: 1/1
   105 | D:1      | Reached skill level 3 in Axes
   173 | D:1      | Reached XP level 2. HP: 16/27 MP: 2/2
   416 | D:1      | Reached skill level 4 in Axes
   416 | D:1      | Reached XP level 3. HP: 19/33 MP: 3/3
  1065 | D:2      | Reached XP level 4. HP: 41/41 MP: 4/4
  1132 | D:2      | Found a faded altar of an unknown god.
  1222 | D:2      | Reached skill level 5 in Axes
  1710 | D:3      | Reached XP level 5. HP: 47/47 MP: 5/5
  2105 | D:3      | Reached skill level 6 in Axes
  2505 | D:4      | Reached skill level 5 in Fighting
  2542 | D:4      | Reached skill level 13 in Axes
  2542 | D:4      | Reached XP level 6. HP: 66/66 MP: 6/6
  2557 | D:4      | Found a basalt altar of Yredelemnul.
  2613 | D:4      | Noticed a black bear
  2622 | D:4      | Killed a black bear
  2623 | D:4      | Reached skill level 14 in Axes
  2623 | D:4      | Reached XP level 7. HP: 71/71 MP: 7/7
  2886 | D:4      | Found a bloodstained altar of Trog.
  2886 | D:4      | Found a shimmering altar of Xom.
  2893 | D:4      | Found a sparkling altar of Nemelex Xobeh.
  2895 | D:4      | Found a stormy altar of Qazlal.
  2897 | D:4      | Found a white marble altar of Elyvilon.
  3115 | D:4      | Found a burning altar of Makhleb.
  3214 | D:5      | Entered Level 5 of the Dungeon
  3259 | D:5      | Noticed Ijyb
  3324 | D:5      | Killed Ijyb
  3515 | D:5      | Reached skill level 10 in Fighting
  3698 | D:5      | Noticed Menkaure
  3707 | D:5      | Killed Menkaure
  4074 | D:5      | Reached XP level 8. HP: 63/79 MP: 8/8
  4345 | D:5      | Noticed Robin
  4354 | D:5      | Killed Robin
  4658 | D:6      | Found a radiant altar of Vehumet.
  4916 | D:6      | Found an ancient bone altar of Kikubaaqudgha.
  4920 | D:6      | Reached skill level 15 in Axes
  5131 | D:6      | Found a staircase to the Ecumenical Temple.
  5153 | Temple   | Entered the Ecumenical Temple
  5279 | Temple   | Became a worshipper of Ashenzari the Shackled
  5333 | D:6      | Reached XP level 9. HP: 85/85 MP: 9/9
  5789 | D:7      | Reached skill level 5 in Armour
  5789 | D:7      | Reached skill level 5 in Shields
  6166 | D:7      | Noticed a hornet
  6176 | D:7      | Killed a hornet
  6177 | D:7      | Reached XP level 10. HP: 35/94 MP: 10/10
  6988 | D:7      | Reached * piety under Ashenzari
  7045 | D:8      | Found Nodghahy's Jewellery Shop.
  7585 | D:8      | Noticed Joseph
  7607 | D:8      | Killed Joseph
  7866 | D:9      | Noticed a red ugly thing
  8251 | D:9      | Found a staircase to the Lair.
  8318 | D:9      | Identified the cursed +0 helmet of Desmomancy {Comp, Melee}
                  | (You found it on level 7 of the Dungeon)
  8318 | D:9      | Identified the cursed +0 pair of boots "Failure of
                  | Ashenzari" {Evo, Cun} (You found it on level 1 of the
                  | Dungeon)
  8789 | D:9      | Reached ** piety under Ashenzari
  8950 | D:9      | Found an opulent altar of Gozag.
  9022 | D:9      | Found a blossoming altar of Fedhas.
  9183 | D:9      | Killed a red ugly thing
  9373 | D:9      | Found an ornate altar of the Wu Jian Council.
  9477 | D:10     | Entered Level 10 of the Dungeon
  9481 | D:10     | Noticed a two-headed ogre
  9489 | D:10     | Killed a two-headed ogre
  9490 | D:10     | Reached XP level 11. HP: 70/101 MP: 11/11
  9597 | D:10     | Noticed a two-headed ogre
  9612 | D:10     | Killed a two-headed ogre
  9943 | D:10     | Found Sinoanogg's Assorted Antiques.
  9951 | D:10     | Bought a tourmaline ring for 100 gold pieces
  9951 | D:10     | Bought a glowing plate armour for 520 gold pieces
 10048 | Lair:1   | Entered Level 1 of the Lair of Beasts
 10117 | Lair:1   | Found a dark tunnel.
 10138 | Volcano  | Entered a volcano
 10291 | Volcano  | Noticed a sun demon
 10302 | Volcano  | Noticed a sun demon
 10304 | Volcano  | Killed a sun demon
 10314 | Volcano  | Killed a sun demon
 10315 | Volcano  | Reached skill level 10 in Armour
 10315 | Volcano  | Reached skill level 10 in Shields
 10465 | Volcano  | Noticed a sun demon
 10466 | Volcano  | Noticed a sun demon
 10480 | Volcano  | Slain by a sun demon

Illustrated notes

Levels and vault maps discovered:
D:1:      elethiomel_arrival_maze, layout_basic
D:2:      layout_rooms, basic_ecumenical_altar
D:3:      layout_loops_corners, wander_ebering_terrifying_dragon_lair
D:4:      layout_gridville, marbit_many_paths, nicolae_overflow_hidden_temple,
          chequers_temple_overflow_minitemple
D:5:      layout_cave_pods, nicolae_goblin_pals, uniq_menkaure
D:6:      layout_basic, mainiacjoe_overflow_surrounded_room,
          kennysheep_little_box, minmay_temple_entry_large_hall,
          minmay_misc_feat_rows
D:7:      layout_cave_pools, serial_co_window_serial, co_window_paths_b,
          co_window_paths_a, co_window_paths_a, co_window_paths_a,
          co_window_paths_a, co_window_corner_b, co_window_corner_b,
          co_window_broadway_c, co_window_corner_b, co_window_corner_b,
          co_window_paths_c, co_window_paths_d, co_window_sun, glass_columns_b,
          glass_columns_b, glass_columns_a, glass_columns_b, glass_columns_b,
          minmay_alternating_orb
D:8:      layout_loops_ring, serial_shops, nicolae_shop_statue_plus,
          minmay_curled_crystal, uniq_joseph
D:9:      layout_irregular_city, amcnicky_altar_gilded, fedhas_altar_1,
          lemuel_coloured_pillars_altar, david_lair_shrubbed
D:10:     layout_cave_pools, nicolae_hepliaklqana_ecumenical_no_more,
          lemuel_round_altar, serial_shops, kennysheep_mini, shop,
          nicolae_lakefront_shop, shop_statue, corexii_corridor_pit
Temple:   nicolae_temple_two_arcs
Lair:1:   layout_regular_city, nicolae_volcano_entry_hallway,
          portal_ice_cave_demonic_guard, st_stairs_11, grunt_megastairs_2,
          serial_bayou_shore_a
Volcano:  hellmonk_smoking_crater

Skill      XL: |  1  2  3  4  5  6  7  8  9 10 11 |
---------------+----------------------------------+-----
Axes           | 3 4 5 13 14 15 | 15.9
Fighting       | 4 9 10 | 10.7
Armour         | 4 5 8 10 | 10.0
Shields        | 4 5 8 10 | 10.0

Action                   |  1- 3 |  4- 6 |  7- 9 | 10-12 || total
-------------------------+-------+-------+-------+-------++-------
Melee: War axe           |    98 |    52 |   270 |   281 ||   701
       Hand axe          |       |    62 |       |       ||    62
Throw: Dart              |       |       |    16 |    11 ||    27
       Boomerang         |       |       |       |    24 ||    24
Invok: Curse Item        |       |       |     1 |     2 ||     3
  Use: Potion            |       |     2 |       |    10 ||    12
       Scroll            |       |     1 |       |     6 ||     7
Armor: Scale mail        |    55 |    20 |       |       ||    75
       Plate armour      |       |    32 |   111 |   126 ||   269
       Skin              |       |       |       |     2 ||     2
Dodge: Dodged            |    55 |    31 |    50 |    61 ||   197
Block: Buckler           |    24 |    20 |    60 |   124 ||   228
       Reflection        |       |       |     1 |     5 ||     6

Table legend: (Time is in decaauts)
 A = Elapsed time spent in this place.
 B = Non-inter-level travel time spent in this place.
 C = Inter-level travel time spent in this place.
 D = Time resting spent in this place.
 E = Time spent auto-exploring this place.
 F = Levels seen in this place.
 G = Mean time per level.
                   A        B        C        D        E       F      G
               +--------+--------+--------+--------+--------+-----+--------+
         Total |  10396 |   9950 |    446 |   2198 |   5566 |  13 |  799.7 |
       Dungeon |   9847 |   9401 |    446 |   2012 |   5402 |  10 |  984.7 |
        Temple |    135 |    135 |      0 |      0 |    106 |   1 |  135.0 |
          Lair |     80 |     80 |      0 |     15 |      0 |   1 |   80.0 |
       Volcano |    332 |    332 |      0 |    171 |     58 |   1 |  332.0 |
               +--------+--------+--------+--------+--------+-----+--------+

Top non-repeatable levels by time:
     D:9: 1700 daAuts
     D:7: 1561 daAuts
     D:5: 1316 daAuts
     D:3: 1064 daAuts
     D:8: 882 daAuts
     D:1: 832 daAuts
     D:4: 829 daAuts
     D:6: 742 daAuts
     D:2: 555 daAuts
    D:10: 362 daAuts
 Volcano: 332 daAuts
  Temple: 135 daAuts
  Lair:1: 80 daAuts
